 Dungeon Crawl Stone Soup version 0.31-a0-1178-gc5c9b8f871 (webtiles) character file.

Game seed: 4033068596451275819

2864 qw the Skirmisher (level 9, -4/57 HPs)
             Began as a Gargoyle Hunter on Dec 11, 2023.
             Was a Believer of Okawaru.
             Slain by a wyvern (8 damage)
             ... on level 7 of the Dungeon.
             The game lasted 00:02:58 (5756 turns).

qw the Skirmisher (Gargoyle Hunter)                 Turns: 5756, Time: 00:02:59

Health: -4/57      AC: 11    Str: 15    XL:     9   Next: 75%
Magic:  12/12      EV: 13    Int: 10    God:    Okawaru [**....]
Gold:   148        SH:  0    Dex: 17    Spells: 8/8 levels left

rFire   . . .        l - +0 orcbow
rCold   . . .        (shield currently unavailable)
rNeg    + . .        i - +1 troll leather armour
rPois   inf          (no helmet)
rElec   +            (no cloak)
rCorr   .            (no gloves)
SInv    .            c - +0 pair of boots
Will    .....        (no amulet)
Stlth   ++           (no ring)
HPRegen 1.09/turn    (no ring)
MPRegen 0.13/turn

%: no passive effects
@: no status effects
A: sickness immunity, AC +6, negative energy resistance 1, electricity
resistance, torment resistance 1, petrification resistance
a: Renounce Religion, Heroism


You were on level 7 of the Dungeon.
You worshipped Okawaru.
Okawaru was pleased with you.
You visited 1 branch of the dungeon, and saw 7 of its levels.

You collected 484 gold pieces.
You spent 336 gold pieces at shops.


Innate Abilities, Weirdness & Mutations

You are immune to sickness and miasma.
Your stone body is resilient. (AC +6)
You are immune to poison.
You resist negative energy. (rN+)
You are resistant to electric shocks. (rElec)
You are resistant to unholy torment.
You are immune to petrification.


   Skills:
 - Level 7.1 Fighting
 + Level 10.6 Ranged Weapons
 - Level 2.9 Armour
 - Level 3.3 Dodging
 - Level 1.1 Stealth
 - Level 4.0 Invocations


You had 8 spell levels left.
You didn't know any spells.
Your spell library was empty.

Inventory:

Hand Weapons
 l - a +0 orcbow (weapon)
Armour
 c - a +0 pair of boots (worn)
 h - a +0 ring mail of fire resistance
 i - a +1 troll leather armour (worn)
Wands
 d - a wand of iceblast (5)
 f - a wand of paralysis (6)
Scrolls
 k - a scroll of brand weapon {unknown}
Potions
 a - a potion of haste
 b - 5 potions of cancellation
 g - 5 potions of enlightenment
 j - a potion of curing
 m - a potion of brilliance {unknown}

Dungeon Overview and Level Annotations

Branches:
Dungeon (7/15)             Temple (0/1) D:6

Altars:
Ashenzari
Gozag
Makhleb
Okawaru
Vehumet
Wu Jian
Yredelemnul
Zin

Shops:
D:7 *


Message History

You shoot an arrow. The arrow hits the killer bee!
The killer bee is severely wounded.
The killer bee stings you but does no damage.
The wyvern barely misses you. The killer bee closely misses you.
The wyvern closely misses you.
You shoot an arrow. The arrow hits the killer bee!
You kill the killer bee!
Okawaru accepts your kill. The wyvern barely misses you.
The killer bee barely misses you.
You shoot an arrow. The arrow barely misses the killer bee.
The wyvern bites you.
The killer bee stings you but does no damage. x2
The wyvern barely misses you. The killer bee closely misses you. x2
You shoot an arrow. The arrow barely misses the killer bee.
The killer bee closely misses you.
The killer bee stings you but does no damage.
The wyvern bites you but does no damage.
The killer bee barely misses you.
The killer bee stings you but does no damage.
You shoot an arrow.
The arrow closely misses the killer bee.
The wyvern closely misses you. The killer bee closely misses you.
The killer bee stings you. The wyvern bites you!
The killer bee closely misses you. The killer bee misses you.
You shoot an arrow. The arrow barely misses the killer bee.
The killer bee misses you. The killer bee closely misses you.
The wyvern completely misses you. The killer bee completely misses you.
The killer bee stings you but does no damage.
You shoot an arrow.
The arrow closely misses the killer bee.
The wyvern barely misses you.
The killer bee stings you but does no damage.
The killer bee completely misses you. The wyvern misses you.
The killer bee closely misses you.
The killer bee stings you but does no damage.
You shoot an arrow.
The arrow closely misses the killer bee.
The killer bee closely misses you. The killer bee stings you.
The wyvern bites you!
You die...

#Y..Y##...#.# #
#%##.#.#.# #
#.##.#.#.#####
#.#..#.#....## #.
#...##.####.## #.:
##.####.# #.## #..# #..#
#.# #.## #...#####..# #.#
#(## #....y@y...# #.#
#.##
#####..k##...####+####.##
...........#.........#.##
##...###)..#.........#.#
..P.....>..#.........#.#
P.~.Pk.#####.........#.#
~~.~~~. .............#.#
~~~.~~. #####........#.#
.~~~~~. #........#.#


You could see a wyvern and 2 killer bees.

Vanquished Creatures
  Jeremiah (D:6)
  2 yaks (D:7)
  2 water moccasins (D:7)
  An orc warrior (D:7)
  A sky beast (D:6)
  2 black bears
  An ice beast (D:6)
  2 ogres
  A phantom (D:6)
  2 scorpions
  2 water moccasin zombies (D:5)
  5 wights (D:6)
  2 killer bees (D:7)
  3 bullfrog zombies (D:5)
  2 hounds
  3 orc priests
  A gnoll bouda (D:5)
  A jelly (D:6)
  A sleepcap (D:6)
  5 iguanas
  3 orc wizards (D:5)
  5 gnolls (D:5)
  8 adders
  2 shadow imps
  2 white imps
  2 ufetubi (D:5)
  An adder zombie (D:5)
  2 worms (D:4)
  2 dart slugs
  27 orcs
  4 ball pythons
  7 bats
  5 endoplasms
  2 giant cockroaches
  5 goblins
  5 hobgoblins
  3 jackals (D:1)
  4 quokkas
  6 frilled lizards
  4 kobolds
  7 rats
146 creatures vanquished.

Vanquished Creatures (others)
  An orc wizard (D:7)
1 creature vanquished.

Grand Total: 147 creatures vanquished

Notes
Turn   | Place    | Note
-------+----------+-------------------------------------------
     0 | D:1      | qw the Gargoyle Hunter began the quest for the Orb.
     0 | D:1      | Reached XP level 1. HP: 12/12 MP: 1/1
     0 | D:1      | 0 ||| qw: Version: 0.3-a-106-g2cfff9e
     0 | D:1      | 0 ||| qw: Game counter: 2035
     0 | D:1      | 0 ||| qw: Melee chars always use a shield: true
     0 | D:1      | 0 ||| qw: God list: Okawaru
     0 | D:1      | 0 ||| qw: Allow faded altars: false
     0 | D:1      | 0 ||| qw: Do Orc after clearing Dungeon:15 true
     0 | D:1      | 0 ||| qw: Do second Lair branch before Depths: true
     0 | D:1      | 0 ||| qw: Lair rune preference: random
     0 | D:1      | 0 ||| qw: Goals: Normal, Save, Zot:1-4, Win
     0 | D:1      | 0 ||| PLANNING D:1-11
   187 | D:1      | Reached XP level 2. HP: 17/17 MP: 2/2
   997 | D:1      | 997 ||| READING 2 scrolls labelled SIDING SEUNEMM.
   997 | D:1      | 997 ||| ENCHANTING +0 shortbow.
   998 | D:1      | 998 ||| READING scroll of enchant weapon.
   998 | D:1      | 998 ||| ENCHANTING +1 shortbow.
   999 | D:1      | 999 ||| READING 2 scrolls labelled TOLAG SIBUO.
  1000 | D:1      | 1000 ||| DRINKING 2 sapphire potions.
  1001 | D:1      | 1001 ||| DROPPING scroll of butterflies.
  1002 | D:1      | 1002 ||| DROPPING scroll of fear.
  1044 | D:2      | Reached skill level 5 in Ranged Weapons
  1044 | D:2      | Reached XP level 3. HP: 21/21 MP: 3/3
  1271 | D:2      | Reached skill level 3 in Fighting
  1271 | D:2      | Reached XP level 4. HP: 19/28 MP: 4/4
  1276 | D:2      | 1276 ||| FLEEEEING.
  1277 | D:2      | 1277 ||| FLEEEEING.
  1278 | D:2      | 1278 ||| FLEEEEING.
  1286 | D:2      | 1286 ||| STAIRDANCE
  1305 | D:1      | 1305 ||| UPGRADING to +0 troll leather armour.
  1315 | D:1      | 1315 ||| DROPPING +0 leather armour.
  1316 | D:1      | 1316 ||| READING scroll labelled CEIGHIB FAELUTEIM.
  1317 | D:1      | 1317 ||| READING scroll labelled ROUT CICZY.
  1317 | D:1      | 1317 ||| IDENTIFYING clear potion
  1318 | D:1      | 1318 ||| DRINKING 3 bubbling puce potions.
  1446 | D:2      | Found an ornate altar of the Wu Jian Council.
  1812 | D:2      | 1812 ||| READING 3 scrolls labelled GOMUQO FODEGO.
  1813 | D:2      | 1813 ||| READING scroll labelled SUMUL IPPUDE.
  1813 | D:2      | 1813 ||| ENCHANTING +0 troll leather armour.
  1814 | D:2      | 1814 ||| DROPPING 2 scrolls of noise.
  2060 | D:3      | Found a faded altar of an unknown god.
  2130 | D:3      | Reached XP level 5. HP: 32/32 MP: 5/5
  2477 | D:3      | 2477 ||| UPGRADING to +0 pair of boots.
  2482 | D:3      | 2482 ||| READING scroll of identify.
  2482 | D:3      | 2482 ||| IDENTIFYING sedimented cyan potion
  2483 | D:3      | 2483 ||| READING scroll labelled FEICZI MOIMOX.
  2483 | D:3      | Identified a scroll of acquirement
  2483 | D:3      | 2483 ||| 2483 ||| Offered +4 great sword of freezing
  2483 | D:3      | 2483 ||| 2483 ||| Offered ring "Voano" {Fire +Blink rPois
                  | Will-}
  2483 | D:3      | 2483 ||| 2483 ||| Offered +0 ring mail of fire resistance
  2483 | D:3      | 2483 ||| 2483 ||| Offered 974 gold pieces
  2483 | D:3      | 2483 ||| ACQUIRING +0 ring mail of fire resistance
  2483 | D:3      | Acquired a +0 ring mail of fire resistance
  2485 | D:3      | 2485 ||| READING scroll labelled NODGHO KUAXA.
  2486 | D:3      | 2486 ||| READING scroll labelled ETEURU VEGRAFI.
  2491 | D:3      | 2491 ||| DROPPING potion of attraction.
  2602 | D:4      | Reached skill level 6 in Ranged Weapons
  2609 | D:4      | Noticed an ogre
  2615 | D:4      | HP: 4/32 [ogre/+0 giant club (28)]
  2616 | D:4      | 2616 ||| DRINKING 2 potions of heal wounds.
  2623 | D:4      | Killed an ogre
  2624 | D:4      | Reached XP level 6. HP: 25/37 MP: 6/6
  3044 | D:4      | 3044 ||| DROPPING ring of magical power.
  3045 | D:4      | 3045 ||| DROPPING ring of wizardry.
  3046 | D:4      | 3046 ||| READING scroll of identify.
  3046 | D:4      | 3046 ||| IDENTIFYING fizzy orange potion
  3047 | D:4      | 3047 ||| READING scroll labelled RIREAT OGRA.
  3048 | D:4      | 3048 ||| DROPPING potion of degeneration.
  3078 | D:5      | Entered Level 5 of the Dungeon
  3082 | D:5      | 3082 ||| STAIRDANCE
  3273 | D:5      | Reached XP level 7. HP: 41/43 MP: 7/7
  3423 | D:5      | Reached skill level 7 in Ranged Weapons
  3478 | D:5      | 3478 ||| RETREEAATING.
  3486 | D:5      | 3486 ||| Stepping ~*~*~tactically~*~*~ (retreating).
  3487 | D:5      | 3487 ||| Stepping ~*~*~tactically~*~*~ (retreating).
  3496 | D:5      | 3496 ||| Stepping ~*~*~tactically~*~*~ (retreating).
  3497 | D:5      | 3497 ||| Stepping ~*~*~tactically~*~*~ (retreating).
  3510 | D:5      | 3510 ||| Stepping ~*~*~tactically~*~*~ (retreating).
  3511 | D:5      | 3511 ||| Stepping ~*~*~tactically~*~*~ (retreating).
  3512 | D:5      | 3512 ||| Stepping ~*~*~tactically~*~*~ (retreating).
  3567 | D:5      | Reached skill level 8 in Ranged Weapons
  3673 | D:5      | Reached XP level 8. HP: 49/49 MP: 8/8
  3707 | D:5      | Found a basalt altar of Yredelemnul.
  3899 | D:5      | Found a broken altar of Ashenzari.
  3899 | D:5      | Found a glowing silver altar of Zin.
  3914 | D:5      | Found a radiant altar of Vehumet.
  3916 | D:5      | Found an iron altar of Okawaru.
  3917 | D:5      | 3917 ||| PLANNING OKAWARU WORSHIP
  3917 | D:5      | 3917 ||| READING scroll labelled WOUMOL PAMEF.
  4019 | D:5      | Found a burning altar of Makhleb.
  4023 | D:5      | Became a worshipper of Warmaster Okawaru
  4024 | D:5      | 4024 ||| PLANNING D:1-11
  4109 | D:6      | Noticed Jeremiah
  4123 | D:6      | 4123 ||| FLEEEEING.
  4124 | D:6      | 4124 ||| FLEEEEING.
  4125 | D:6      | 4125 ||| FLEEEEING.
  4126 | D:6      | 4126 ||| FLEEEEING.
  4127 | D:6      | 4127 ||| FLEEEEING.
  4128 | D:6      | 4128 ||| STAIRDANCE
  4144 | D:6      | 4144 ||| STAIRDANCE
  4177 | D:6      | 4177 ||| STAIRDANCE
  4191 | D:6      | 4191 ||| STAIRDANCE
  4229 | D:6      | HP: 9/49 [Jeremiah/+3 trident of draining (9)]
  4230 | D:6      | 4230 ||| DRINKING potion of heal wounds.
  4233 | D:6      | Reached skill level 9 in Ranged Weapons
  4243 | D:6      | 4243 ||| FLEEEEING.
  4244 | D:6      | 4244 ||| STAIRDANCE
  4291 | D:6      | Killed Jeremiah
  4291 | D:6      | Reached * piety under Okawaru
  4292 | D:6      | Reached skill level 6 in Fighting
  4346 | D:6      | Found an opulent altar of Gozag.
  4445 | D:6      | Reached skill level 1 in Invocations
  4551 | D:6      | Reached XP level 9. HP: 51/56 MP: 10/10
  4571 | D:6      | Reached skill level 3 in Invocations
  4720 | D:6      | Found a staircase to the Ecumenical Temple.
  4822 | D:6      | 4822 ||| SWAPPING to +0 orcbow.
  4823 | D:6      | 4823 ||| DROPPING +2 shortbow.
  5014 | D:6      | Reached skill level 10 in Ranged Weapons
  5125 | D:6      | 5125 ||| READING scroll of identify.
  5125 | D:6      | 5125 ||| IDENTIFYING silvery potion
  5126 | D:6      | 5126 ||| DRINKING 2 metallic green potions.
  5127 | D:6      | 5127 ||| DRINKING 2 dark potions.
  5128 | D:6      | 5128 ||| DROPPING wand of flame (14).
  5129 | D:6      | 5129 ||| DROPPING potion of lignification.
  5175 | D:7      | Found Funumisu's Assorted Antiques.
  5176 | D:7      | 5176 ||| Stepping ~*~*~tactically~*~*~ (retreating).
  5177 | D:7      | 5177 ||| Stepping ~*~*~tactically~*~*~ (retreating).
  5178 | D:7      | 5178 ||| Stepping ~*~*~tactically~*~*~ (retreating).
  5205 | D:7      | Reached ** piety under Okawaru
  5210 | D:7      | Reached skill level 3 in Dodging
  5239 | D:7      | 5239 ||| BUYING bone wand (112 gold).
  5239 | D:7      | Bought a bone wand for 112 gold pieces
  5239 | D:7      | 5239 ||| BUYING potion of enlightenment (140 gold).
  5239 | D:7      | Bought a potion of enlightenment for 140 gold pieces
  5239 | D:7      | 5239 ||| SHOPLISTING runed ring mail (196 gold, have 162).
  5239 | D:7      | 5239 ||| BUYING scroll of teleportation (84 gold).
  5239 | D:7      | Bought a scroll of teleportation for 84 gold pieces
  5645 | D:7      | 5645 ||| RETREEAATING.
  5674 | D:7      | HP: 5/57 [yak (13)]
  5675 | D:7      | 5675 ||| READING scroll of teleportation.
  5724 | D:7      | 5724 ||| RETREEAATING.
  5726 | D:7      | 5726 ||| STILL RETREEAATING.
  5740 | D:7      | 5740 ||| Stepping ~*~*~tactically~*~*~ (retreating).
  5741 | D:7      | 5741 ||| Stepping ~*~*~tactically~*~*~ (retreating).
  5745 | D:7      | 5745 ||| Stepping ~*~*~tactically~*~*~ (retreating).
  5753 | D:7      | HP: 5/57 [wyvern (14)]
  5756 | D:7      | Slain by a wyvern

Levels and vault maps discovered:
D:1:      elethiomel_arrival_infinity_welcomes_careful_drivers,
          layout_loops_ring, serial_forest, infiniplex_forest_clump_medium,
          infiniplex_forest_join, infiniplex_forest_lined_corner,
          infiniplex_forest_end_2, infiniplex_forest_lined_2,
          infiniplex_forest_clump_double, infiniplex_forest_end_1
D:2:      layout_basic, basic_altar
D:3:      layout_basic, shapermc_ecumenical_altar_mp_urbaneastern
D:4:      layout_cave_pools, minmay_bisected
D:5:      layout_basic, nicolae_yredelemnul_corpse_copse,
          chequers_temple_overflow_minitemple, serial_bayou_pond_b,
          fountainhead, kennysheep_generic_room_13
D:6:      layout_basic, mainiacjoe_overflow_24_doors,
          minmay_temple_entry_crystal_x, uniq_jeremiah
D:7:      layout_basic, serial_shops, shop, serial_bayou_pond_b

Skill      XL: |  1  2  3  4  5  6  7  8  9 |
---------------+----------------------------+-----
Ranged Weapons | 5 6 8 9 10 | 10.6
Fighting       | 3 4 5 6 7 |  7.1
Armour         | 2 |  2.9
Dodging        | 2 3 |  3.3
Invocations    | 2 4 |  4.0
Stealth        | |  1.1

Action                     |  1- 3 |  4- 6 |  7- 9 || total
---------------------------+-------+-------+-------++-------
   Fire: Shortbow          |    78 |   180 |   293 ||   551
         Orcbow            |       |       |   135 ||   135
    Use: Scroll            |     3 |    10 |     3 ||    16
         Potion            |     1 |     2 |     3 ||     6
 Armour: Leather armour    |    13 |       |       ||    13
         Troll leather arm |       |    54 |   244 ||   298
  Dodge: Dodged            |    29 |    42 |   175 ||   246

Table legend:
 A = Non-vault XP
 B = Vault XP
 C = Vault XP percentage of total XP
 D = Non-vault monster count
 E = Vault monster count
 F = Vault count percentage of total count
                 A         B        C        D         E       F
            +---------+---------+-------+---------+---------+-------
      Total |    3229 |     863 |  21.1 |     134 |      13 |   8.8
            +---------+---------+-------+---------+---------+-------
        D:1 |      31 |       0 |   0.0 |      18 |       0 |   0.0
        D:2 |     119 |       0 |   0.0 |      22 |       0 |   0.0
        D:3 |      49 |       0 |   0.0 |      21 |       0 |   0.0
        D:4 |     217 |       7 |   3.1 |      11 |       3 |  21.4
        D:5 |     737 |     341 |  31.6 |      26 |       7 |  21.2
        D:6 |    1117 |     365 |  24.6 |      25 |       1 |   3.8
        D:7 |     959 |     150 |  13.5 |      11 |       2 |  15.4
            +---------+---------+-------+---------+---------+-------
